 Dungeon Crawl Stone Soup version 0.30-a0-1160-g6e42c06551 (webtiles) character file.

Game seed: 12729712186509500340

245466 cforsyth the Convoker (level 18, -2/153 (157) HPs)
             Began as a Demigod Summoner on Apr 26, 2023.
             Slain by a vault warden
             ... wielding a +0 great mace
              (24 damage)
             ... on level 1 of the Vaults on Apr 27, 2023.
             The game lasted 02:48:41 (68686 turns).

cforsyth the Convoker (Demigod Summoner)           Turns: 68686, Time: 02:48:41

HP:   -2/153 (157)  AC: 22    Str: 15 (21) XL:     18   Next: 47%
MP:   1/39          EV: 15    Int: 32 (34) God:
Gold: 669           SH: 14    Dex: 14 (20) Spells: 13/41 levels left

rFire   + + .        U - staff of air "Sobroet" {Fragile rElec rCorr Int+3}
rCold   . . .        i - +2 kite shield
rNeg    . . .        P - +4 ring mail of Happiness {rElec rF++ Int+2 Slay-5}
rPois   .            y - +0 hat {SInv}
rElec   +            f - +0 cloak
rCorr   +            G - +2 pair of gloves
SInv    +            n - +2 pair of boots
Will    +....        V - amulet of the Air {Inacc Air Fly rElec RMsl}
Stlth   +            I - +6 ring of dexterity
HPRegen 0.45/turn    K - +4 ring of protection
MPRegen 0.26/turn

%: repel missiles
@: flying, lightly drained
A: high MP 1, forlorn, divine attributes
}: 1/15 runes: decaying
a: no special abilities


You were on level 1 of the Vaults.
You visited 6 branches of the dungeon, and saw 32 of its levels.

You collected 3549 gold pieces.
You spent 2880 gold pieces at shops.

Inventory:

Hand Weapons
 R - the +2 mace "Impbane" {drain, rElec rC+ rN+ rCorr Int-5}
   (You found it on level 12 of the Dungeon)

   Int:       It affects your intelligence (-5).
   rC:        It protects you from cold.
   rElec:     It insulates you from electricity.
   rN:        It protects you from negative energy.
   rCorr:     It protects you from acid and corrosion.
Armour
 f - a +0 cloak (worn)
 i - a +2 kite shield (worn)
 m - the +0 pair of gloves of Gravitas {Dex+3}
   (You found it on level 2 of the Dungeon)

   Dex:       It affects your dexterity (+3).
 n - a +2 pair of boots (worn)
 y - a +0 hat of see invisible (worn)
 F - a +2 hat
 G - a +2 pair of gloves (worn)
 P - the +4 ring mail of Happiness (worn) {rElec rF++ Int+2 Slay-5}
   (You found it on level 9 of the Dungeon)

   Int:       It affects your intelligence (+2).
   Slay:      It affects your accuracy & damage with ranged weapons and melee
   (-5).
   rF:        It greatly protects you from fire.
   rElec:     It insulates you from electricity.
Magical Staves
 U - the staff of air "Sobroet" (weapon) {Fragile rElec rCorr Int+3}
   (You found it on level 12 of the Dungeon)

   [staff of air]

   Base accuracy: +5 Base damage: 5 Base attack delay: 1.2 This weapon's minimum
   attack delay (0.6) is reached at skill level 12.
   Int:       It affects your intelligence (+3).
   rElec:     It insulates you from electricity.
   rCorr:     It protects you from acid and corrosion.
   Fragile:   It will be destroyed if unequipped.
   It falls into the 'Staves' category.
   It is a one-handed weapon.
Jewellery
 s - a ring of fire
 D - a ring of protection from cold
 I - a +6 ring of dexterity (left hand)
 K - a +4 ring of protection (right hand)
 T - a +6 ring of intelligence
 V - the amulet of the Air (around neck) {Inacc Air Fly rElec RMsl}
   (You bought it in a shop on level 2 of the Orcish Mines)

   [amulet of nothing]

   Inacc:     It reduces the accuracy of your attacks and spells.
   Air:       It enhances your air magic.
   rElec:     It insulates you from electricity.
   Fly:       It grants you flight.
   RMsl:      It protects you from missiles.
Wands
 e - a wand of mindburst (18)
 l - a wand of roots (27)
 u - a wand of flame (107)
 H - a wand of polymorph (16)
 L - a wand of digging (13)
 W - a wand of light (6)
 Z - a wand of charming (20)
Scrolls
 g - 4 scrolls of enchant armour
 h - 5 scrolls of immolation
 j - 5 scrolls of poison
 k - 3 scrolls of amnesia
 o - 9 scrolls of vulnerability
 p - 4 scrolls of magic mapping
 r - 2 scrolls of summoning
 v - 5 scrolls of fog
 x - 2 scrolls of enchant weapon
 B - a scroll of silence
 C - 2 scrolls of fear
 Q - a scroll of blinking
 S - 3 scrolls of teleportation
 Y - 11 scrolls of identify
Potions
 a - 4 potions of mutation
 b - 5 potions of magic
 c - 13 potions of curing
 d - 4 potions of berserk rage
 q - 3 potions of heal wounds
 t - 4 potions of cancellation
 w - 2 potions of resistance
 z - 9 potions of brilliance
 A - 6 potions of ambrosia
 E - 6 potions of attraction
 J - 5 potions of flight
 M - 2 potions of might
 N - 2 potions of invisibility
 O - 4 potions of lignification
 X - 5 potions of haste


   Skills:
 + Level 13.3 Fighting
 + Level 7.4 Armour
 - Level 12.5 Dodging
 - Level 1.7 Stealth
 - Level 11.9 Shields
 + Level 12.2 Spellcasting
 - Level 19.9 Summonings
 - Level 5.0 Translocations


You had 13 spell levels left.
You knew the following spells:

 Your Spells              Type           Power      Damage    Failure   Level
a - Summon Small Mammal   Summ           100%       N/A       0%          1
b - Call Imp              Summ           100%       N/A       0%          2
c - Call Canine Familiar  Summ           99%        N/A       0%          3
d - Summon Guardian Gole  Hex/Summ       70%        N/A       1%          3
e - Summon Lightning Spi  Summ/Air       100%       N/A       1%          4
i - Summon Hydra          Summ           49%        N/A       1%          7
o - Summon Horrible Thin  Summ           49%        N/A       16%         8

Your spell library contained the following spells:

 Spells                   Type           Power      Damage    Failure   Level
 Apportation              Tloc           100%       N/A       1%          1
 Animate Armour           Summ/Erth      100%       N/A       1%          4
 Freeze                   Ice            76%        1d8       9%          1
 Necrotise                Necr           76%        1d7       9%          1
 Sandblast                Erth           38%        2d10      9%          1
 Sting                    Tmut/Pois      76%        1d6       9%          1
 Portal Projectile        Hex/Tloc       70%        N/A       10%         3
 Volatile Blastmotes      Fire/Tloc      70%        2d15      10%         3
 Passage of Golubria      Tloc           51%        N/A       12%         4
 Cigotuvi's Dreadful Rot  Necr/Pois/Air  88%        N/A       14%         2
 Ensorcelled Hibernation  Hex/Ice        38%        N/A       14%         2
 Passwall                 Tmut/Erth      15%        N/A       14%         2
 Poisonous Vapours        Pois/Air       88%        N/A       14%         2
 Frozen Ramparts          Ice            38%        1d6       26%         3
 Hailstorm                Conj/Ice       19%        3d6       26%         3
 Ignite Poison            Fire/Tmut/Pois 19%        N/A       26%         3
 Stone Arrow              Conj/Erth      38%        3d9       26%         3
 Swiftness                Air            44%        N/A       26%         3
 Tukima's Dance           Hex            19%        N/A       26%         3
 Iskenderun's Mystic Bla  Conj/Tloc      35%        2d8       32%         4
 Malign Gateway           Summ/Tloc      39%        N/A       41%         7
 Anguish                  Hex/Necr       9%         N/A       65%         4
 Cause Fear               Hex            9%         N/A       65%         4
 Fulminant Prism          Conj/Hex       9%         3d7       65%         4
 Ice Form                 Ice/Tmut       19%        N/A       65%         4
 Olgreb's Toxic Radiance  Pois           19%        N/A       65%         4
 Petrify                  Tmut/Erth      19%        N/A       65%         4
 Blade Hands              Tmut           9%         N/A       94%         5
 Freezing Cloud           Conj/Ice/Air   22%        6-21      94%         5
 Lee's Rapid Deconstruct  Erth           9%         3d7*      94%         5
 Metabolic Englaciation   Hex/Ice        9%         N/A       94%         5
 Silence                  Hex/Air        22%        N/A       94%         5
 Simulacrum               Ice/Necr       9%         N/A       100%        6
 Statue Form              Tmut/Erth      12%        N/A       100%        6
 Enfeeble                 Hex            9%         N/A       100%        7
 Discord                  Hex            9%         N/A       100%        8
 Ignition                 Fire           9%         3d5       100%        8
 Lehudib's Crystal Spear  Conj/Erth      9%         10d4      100%        8


Dungeon Overview and Level Annotations

Branches:
Dungeon (15/15)            Temple (0/1) D:5            Lair (5/5) D:10
  Swamp (4/4) Lair:3       Spider (4/4) Lair:2        Slime (0/5) Lair:5
    Orc (2/2) D:12            Elf (0/3) Orc:2        Vaults (2/5) D:13
 Depths (0/4) D:15
  Crypt: Vaults:2-3

Shops:
D:3 =   D:4 *   D:8 !   D:15 :   Orc:2 =[:?[*

Portals:
Trove: Vaults:1 (give 2 scrolls of acquirement)


Innate Abilities, Weirdness & Mutations

You have an increased reservoir of magic. (+10% MP)
You shall have no god before yourself.
Your divine heritage dramatically boosts your attributes as you level up.


Message History

Your eight-headed hydra seems to regain its courage.
Your eight-headed hydra disappears in a puff of smoke!
Your five-headed hydra seems to regain its courage.
Casting: Summon Hydra (dangerous; 1% risk of failure)
Confirm with . or Enter, or press ? or * to list all spells.
You don't have enough magic to cast this spell.
You are no longer terrified.
Unknown command.
Casting: Summon Hydra (dangerous; 1% risk of failure)
Confirm with . or Enter, or press ? or * to list all spells.
A five-headed hydra appears.
Your five-headed hydra bites the vault warden.
Your five-headed hydra bites the vault warden but does no damage.
Your five-headed hydra bites the vault warden!
Your five-headed hydra bites the vault warden.
Your five-headed hydra barely misses the vault warden.
You barely miss the vault warden.
The vault warden is moderately wounded.
Your five-headed hydra bites the eidolon!
Your five-headed hydra bites the eidolon but does no damage. x2
Your five-headed hydra closely misses the eidolon. x2
An eidolon breaks down the door.
The vault warden activates a sealing rune.
A door slams shut!
Your five-headed hydra bites the eidolon! x2
Your five-headed hydra closely misses the eidolon.
Your five-headed hydra bites the eidolon. x2
You hit the vault warden.
The vault warden is moderately wounded.
Your five-headed hydra disappears in a puff of smoke!
The eidolon hits your five-headed hydra! x2
The vault warden hits you with a +0 great mace!!
* * * LOW HITPOINT WARNING * * *
Your five-headed hydra barely misses the vault warden.
Your five-headed hydra bites the vault warden!
Your five-headed hydra barely misses the vault warden.
Your five-headed hydra bites the vault warden! x2
An eidolon opens the door.
The vault warden hits you with a +0 great mace!!
You die...

....#####+##########)####'#######
....# #...[[..# #)[......# ###
....# ##...>...## #).......# #..
##### #....[)...# #........# #..
...# ##..+#+#'..###........# #..
...# #...+...'(ยง.##........# #..
...# ##..##...##W.##........# #..
...# #...+.....'pD.#........# #..
...# #...#.....#@..#........# #..
.(.# ###############........# #..
'######### #........# #..
.........## #######'######
..........# #.#..'...#
.#######..# ##'#######
.##.......# #.#..#...#
.#.......## #.#..#.8.#
.#..####### ####### #####'...#


You could see a vault warden (strong, ally target), an eidolon and a friendly
five-headed hydra (summoned).

Vanquished Creatures
  2 ghost moths
  A kobold demonologist (D:9)
  A gnoll sergeant (D:12)
  An orc (Orc:2)
  A quokka (D:3)
  A kobold (D:1)
  A rat (D:1)
8 creatures vanquished.

Vanquished Creatures (collateral kills)
  Arachne (Spider:2)
  Zenata (Vaults:1)
  Asterion (Spider:1)
  Roxanne (D:14)
  Donald (Swamp:4)
  8 emperor scorpions
  A fire giant (D:15)
  The ghost of turdburglar the Peltast, a journeyman AtFi of the Shining One (D:14)
  A vault warden (Vaults:1)
  An orc warlord (Orc:1)
  7 ironbound preservers
  2 broodmothers (Spider:4)
  2 very ugly things (Vaults:1)
  3 ironbound thunderhulks (Vaults:1)
  A vampire knight (Swamp:4)
  5 eleionomae
  6 dire elephants (Vaults:1)
  A spark wasp (Spider:3)
  An eidolon (D:14)
  2 yaktaur captains
  A fire dragon (Lair:5)
  3 entropy weavers
  2 shambling mangroves
  7 hydras
  A ghost crab (Swamp:2)
  A great orb of eyes (Vaults:1)
  A rakshasa (D:12)
  The ghost of patfeehan111222 the Protected, a journeyman DsBe of Trog (D:9)
  5 centaur warriors
  2 jorogumos
  3 catoblepae
  2 radroaches
  2 ogre magi
  3 boulder beetles
  7 two-headed ogres
  8 death yaks
  7 alligators
  Sonja (Orc:1)
  An iron troll (D:13)
  A skyshark (Lair:5)
  11 pharaoh ants
  A fire crab (shapeshifter) (D:12)
  A sun moth (Spider:2)
  4 spriggan druids
  2 goliath frogs
  12 deep trolls
  4 flayed ghosts (Swamp:4)
  4 steelbarb worms
  3 wizards (Vaults:1)
  13 orb spiders
  A bog body (Swamp:1)
  A spectral hydra (Swamp:4)
  8 swamp dragons
  2 deep elf pyromancers
  An orc knight (D:12)
  5 harpies (Vaults:1)
  6 ironbound convokers
  5 lindwurms
  6 ugly things
  3 oklob plants (Swamp:4)
  20 wolf spiders
  4 manticores
  2 will-o-the-wisps
  An orc sorcerer (D:12)
  2 moths of wrath
  6 elephants
  Maurice (D:8)
  8 cyclopes
  5 demonic crawlers
  5 black mambas
  2 water nymphs (Swamp:1)
  2 torpor snails
  9 cane toads
  A cane toad (shapeshifter) (D:12)
  2 molten gargoyles (Lair:5)
  7 vault sentinels
  11 komodo dragons
  9 yaktaurs (Vaults:1)
  3 rime drakes
  4 freezing wraiths
  3 efreet
  A tengu conjurer (D:12)
  A hydra zombie (Swamp:4)
  14 trolls
  13 meliai
  4 polar bears
  8 tyrant leeches
  8 nameless horrors
  5 hornets
  Prince Ribbit (Lair:3)
  A hydra skeleton (Swamp:4)
  4 dream sheep (Lair:3)
  23 tarantellas
  6 blink frogs
  A death drake skeleton (Swamp:4)
  35 jumping spiders
  28 yaks
  14 slime creatures
  A centaur simulacrum (D:12)
  Sigmund (D:3)
  A shadow (D:9)
  2 spriggans
  14 culicivoras
  4 wyverns
  3 wraiths
  70 redbacks
  A neqoxec (D:9)
  3 steam dragons
  6 basilisks
  14 vampire mosquitoes
  10 wargs
  8 swamp worms
  A warg (shapeshifter) (D:12)
  4 hell hounds (Lair:5)
  2 acid dragons
  A hydra simulacrum (Swamp:4)
  4 water moccasins
  5 swamp drakes
  14 orc warriors
  An ice beast (D:7)
  A black bear (D:6)
  4 boggarts
  11 wolves
  2 swamp dragon zombies (Swamp:4)
  3 centaurs
  25 ogres
  A phantom (D:7)
  11 bullfrogs
  3 kobold brigands
  2 scorpions (D:5)
  6 gnoll sergeants
  5 wights (D:9)
  14 killer bees
  2 quasits (D:9)
  5 lava snakes (Lair:5)
  A gnoll bouda (D:10)
  2 sleepcaps
  5 orc priests
  5 hounds
  2 jellies
  2 iguanas
  18 orc wizards
  Robin (D:4)
  29 gnolls
  7 adders
  2 white imps
  2 ufetubi
  4 dart slugs
  83 orcs
  7 bats
  4 endoplasms
  3 giant cockroaches
  13 hobgoblins
  8 jackals
  9 ball pythons
  6 frilled lizards
  21 goblins
  7 kobolds
  4 rats
983 creatures vanquished.

Vanquished Creatures (others)
  A tentacled monstrosity (Swamp:3)
  The ghost of turdburglar the Slayer, an adept GrGl of Qazlal (Swamp:3)
  Gastronok (Lair:2)
  2 thorn hunters (Swamp:4)
  Louise (D:14)
  A hydra skeleton (Swamp:4)
  A dire elephant (Vaults:1)
  2 eleionomae (Swamp:1)
  A vampire knight (Swamp:4)
  A spark wasp (Spider:4)
  An eidolon (D:14)
  An ettin (D:12)
  A shambling mangrove (Swamp:4)
  3 hydras
  A catoblepas (D:13)
  An ogre mage (Orc:2)
  2 boulder beetles
  7 alligators
  9 death yaks
  4 tengu warriors
  A two-headed ogre (shapeshifter) (D:12)
  Urug (D:10)
  6 two-headed ogres
  3 goliath frogs
  Lodul (D:14)
  A shadow wraith (D:14)
  A spriggan druid (Swamp:3)
  6 deep trolls
  4 swamp dragons
  3 spectral hydras (Swamp:4)
  2 orc knights
  A phantasmal warrior (D:14)
  A lindwurm (Lair:5)
  An orc sorcerer (Orc:1)
  3 wolf spiders
  2 cyclopes (D:12)
  An oklob plant (Lair:3)
  4 black mambas
  An ugly thing (D:12)
  4 elephants
  2 cane toads
  A demonic crawler (Spider:1)
  A kobold demonologist (D:9)
  2 tengu conjurers (D:15)
  A rime drake (Lair:5)
  A komodo dragon (Lair:5)
  3 trolls (Orc:2)
  2 meliai (Spider:4)
  2 polar bears
  A hydra zombie (Swamp:4)
  5 tyrant leeches
  6 hornets
  A blink frog (Lair:2)
  2 tarantellas
  A slime creature (Vaults:1)
  3 spriggans
  8 yaks
  2 culicivoras
  A shadow (D:9)
  A wraith (D:9)
  3 basilisks (Lair:5)
  A neqoxec (D:9)
  7 redbacks
  3 vampire mosquitoes (D:12)
  3 wargs (D:12)
  2 swamp worms
  A water moccasin (Lair:5)
  An acid dragon (D:12)
  A hydra simulacrum (Swamp:4)
  6 orc warriors
  2 black bears
  3 swamp drakes
  A swamp dragon zombie (Swamp:4)
  2 ogres
  A boggart (D:12)
  2 centaurs (D:12)
  2 gnoll sergeants (D:12)
  5 killer bees (D:9)
  A howler monkey (D:9)
  A quasit (D:9)
  2 iguanas (D:5)
  An orc wizard (Orc:1)
  A gnoll (D:2)
  7 orcs
  A kobold (D:9)
  8 briar patches (Swamp:4)
  2 bushes (Lair:5)
  12 foxfires
  29 fungi
  90 plants
  2 withered plants (D:10)
338 creatures vanquished.

Grand Total: 1329 creatures vanquished

Notes
Turn   | Place    | Note
-------+----------+-------------------------------------------
     0 | D:1      | cforsyth the Demigod Summoner began the quest for the Orb.
     0 | D:1      | Reached XP level 1. HP: 14/14 MP: 5/5
   231 | D:1      | Reached XP level 2. HP: 20/20 MP: 4/7
   234 | D:1      | Learned a level 2 spell: Call Imp
   607 | D:1      | Reached skill level 4 in Summonings
  1287 | D:2      | You fall into a shaft and drop 1 floor!
  1360 | D:3      | Found Sikhlevae's Jewellery Shoppe.
  1373 | D:3      | Noticed Sigmund
  1463 | D:3      | Reached XP level 3. HP: 13/26 MP: 0/9
  1917 | D:2      | Learned a level 3 spell: Call Canine Familiar
  2087 | D:2      | Identified the +0 pair of gloves of Gravitas {Dex+3}
  2712 | D:3      | Reached XP level 4. HP: 33/33 MP: 4/11
  3463 | D:3      | Killed Sigmund
  3464 | D:3      | Reached skill level 5 in Summonings
  3464 | D:3      | Reached XP level 5. HP: 38/38 MP: 5/14
  3795 | D:4      | Learned a level 3 spell: Summon Guardian Golem
  3992 | D:4      | Found Sabraam's Assorted Antiques.
  4001 | D:4      | Bought a lumpy dark potion for 26 gold pieces
  4001 | D:4      | Bought 2 bubbling inky potions for 52 gold pieces
  4001 | D:4      | Bought a scroll labelled EFFOFU PEDA for 29 gold pieces
  4078 | D:4      | Reached XP level 6. HP: 45/45 MP: 3/15
  4134 | D:4      | Noticed Robin
  4142 | D:4      | Killed Robin
  4777 | D:5      | Entered Level 5 of the Dungeon
  5352 | D:5      | Reached skill level 6 in Summonings
  5885 | D:5      | Found a staircase to the Ecumenical Temple.
  6050 | D:5      | Reached XP level 7. HP: 43/50 MP: 11/17
  6062 | D:5      | Reached skill level 5 in Spellcasting
  6888 | D:6      | Reached skill level 7 in Summonings
  7732 | D:7      | Learned a level 4 spell: Summon Lightning Spire
  7947 | D:7      | Reached XP level 8. HP: 57/57 MP: 7/20
  8454 | D:7      | Reached skill level 8 in Summonings
  9018 | D:8      | Noticed a hornet
  9030 | D:8      | Killed a hornet
  9572 | D:8      | Noticed a two-headed ogre
  9583 | D:8      | Killed a two-headed ogre
  9584 | D:8      | Reached skill level 9 in Summonings
  9584 | D:8      | Reached XP level 9. HP: 62/62 MP: 10/25
  9927 | D:8      | Noticed Maurice
  9939 | D:8      | Killed Maurice
 10206 | D:8      | Reached skill level 10 in Summonings
 10493 | D:8      | Found Wikumis's Distillery.
 10685 | D:9      | Found a transporter.
 10717 | D:9      | Found a transporter.
 10722 | D:9      | Noticed patfeehan111222's ghost (journeyman DsBe)
 10998 | D:9      | Noticed a two-headed ogre
 11021 | D:9      | Killed a two-headed ogre
 11022 | D:9      | Reached XP level 10. HP: 69/69 MP: 24/27
 11225 | D:9      | Identified the +4 ring mail of Happiness {rElec rF++ Int+2
                  | Slay-5}
 11483 | D:9      | Reached skill level 11 in Summonings
 11881 | D:10     | Entered Level 10 of the Dungeon
 11881 | D:10     | Noticed a death yak
 11911 | D:10     | Noticed a death yak
 11912 | D:10     | Noticed a death yak
 12146 | D:10     | Noticed a death yak
 12166 | D:9      | Killed a death yak
 12167 | D:9      | Reached skill level 10 in Spellcasting
 12587 | D:10     | Noticed a death yak
 12751 | D:10     | Noticed a death yak
 13155 | D:9      | Killed a death yak
 13565 | D:9      | Killed a death yak
 13666 | D:9      | Killed a death yak
 13667 | D:9      | Reached skill level 12 in Summonings
 13667 | D:9      | Reached XP level 11. HP: 41/74 MP: 8/30
 14119 | D:9      | Killed a death yak
 14354 | D:9      | Killed a death yak
 14645 | D:10     | Found a staircase to the Lair.
 14656 | D:10     | Noticed Urug
 14673 | D:10     | Killed Urug
 15472 | D:11     | Noticed a two-headed ogre
 15478 | D:11     | Killed a two-headed ogre
 15479 | D:11     | Reached skill level 1 in Fighting
 15479 | D:11     | Reached skill level 1 in Shields
 15514 | D:11     | Noticed a two-headed ogre
 15521 | D:11     | Killed a two-headed ogre
 16236 | D:12     | Noticed a centaur warrior
 16244 | D:12     | Killed a centaur warrior
 16408 | D:12     | Noticed a two-headed ogre
 16410 | D:12     | Noticed a fire crab
 16415 | D:12     | Killed a two-headed ogre
 16424 | D:12     | Killed a fire crab
 16456 | D:12     | Reached XP level 12. HP: 82/91 MP: 9/32
 16524 | D:12     | Reached skill level 5 in Dodging
 16575 | D:12     | Noticed a boulder beetle
 17112 | D:12     | Reached skill level 5 in Fighting
 17120 | D:12     | Reached skill level 5 in Shields
 17202 | D:12     | Killed a boulder beetle
 17510 | D:12     | Noticed a five-headed hydra
 17527 | D:12     | Killed a five-headed hydra
 17658 | D:12     | Identified the +2 mace "Impbane" {drain, rElec rC+ rN+
                  | rCorr Int-5}
 17704 | D:12     | Noticed a rakshasa
 17714 | D:12     | Killed a rakshasa
 17918 | D:12     | Noticed a seven-headed hydra
 17919 | D:12     | Noticed a centaur warrior
 17925 | D:12     | Killed a seven-headed hydra
 17927 | D:12     | Killed a centaur warrior
 18116 | D:12     | Found a staircase to the Orcish Mines.
 18386 | D:12     | Identified the staff of air "Sobroet" {Fragile rElec rCorr
                  | Int+3}
 18465 | Lair:1   | Entered Level 1 of the Lair of Beasts
 18844 | Lair:1   | Noticed a boulder beetle
 18920 | Lair:1   | Killed a boulder beetle
 19858 | Lair:2   | Noticed Gastronok
 19872 | Lair:2   | Killed Gastronok
 19873 | Lair:2   | Reached XP level 13. HP: 98/105 MP: 28/33
 20841 | Lair:2   | Found a hole to the Spider Nest.
 21227 | D:4      | Bought a glowing kite shield for 217 gold pieces
 21459 | Lair:3   | Noticed Prince Ribbit
 23032 | Lair:3   | Found a staircase to the Swamp.
 23239 | Lair:3   | Killed Prince Ribbit
 25291 | Lair:5   | Entered Level 5 of the Lair of Beasts
 25614 | Lair:5   | Found a staircase to the Slime Pits.
 25672 | Lair:5   | Reached XP level 14. HP: 111/118 MP: 7/34
 26506 | Lair:5   | Reached skill level 10 in Dodging
 27091 | Lair:5   | Reached skill level 10 in Fighting
 27111 | Lair:5   | Reached skill level 10 in Shields
 27389 | Lair:5   | Found a large runed translucent door.
 27838 | Lair:5   | Found a large runed translucent door.
 28291 | Orc:1    | Entered Level 1 of the Orcish Mines
 28291 | Orc:1    | Noticed Sonja
 29874 | Orc:1    | Killed Sonja
 30674 | Orc:2    | Entered Level 2 of the Orcish Mines
 30869 | Orc:2    | Found Itogg's Magic Scroll Shoppe.
 30908 | Orc:2    | Found Ynlu's Assorted Antiques.
 30931 | Orc:2    | Noticed an orc warlord
 31408 | Orc:1    | Killed an orc warlord
 31969 | Orc:2    | Found a staircase to the Elven Halls.
 32253 | Orc:2    | Found Etoxeg's Antique Armour Shoppe.
 32258 | Orc:2    | Found Zestilla's Armour Shop.
 32259 | Orc:2    | Bought a scroll of acquirement for 728 gold pieces
 32266 | Orc:2    | Found Jalau's Book Emporium.
 32300 | Orc:2    | Found Xinoni Dout's Jewellery Boutique.
 32390 | Orc:2    | Acquired 540 gold pieces
 32427 | Orc:2    | Bought the amulet of the Air {Inacc Air Fly rElec RMsl} for
                  | 526 gold pieces
 32427 | Orc:2    | Found the amulet of the Air {Inacc Air Fly rElec RMsl}
 32786 | D:13     | Reached XP level 15. HP: 130/130 MP: 22/35
 34000 | D:13     | Found a gate to the Vaults.
 34156 | D:14     | Noticed Lodul
 34629 | D:14     | Killed Lodul
 34988 | D:14     | Noticed Louise
 35006 | D:14     | Killed Louise
 35132 | D:14     | Found a runed translucent gate.
 35132 | D:14     | Found a runed translucent gate.
 35132 | D:14     | Found a runed translucent gate.
 35358 | D:14     | Noticed Roxanne
 35567 | D:14     | Noticed turdburglar's ghost (journeyman AtFi)
 35747 | D:14     | Killed turdburglar's ghost
 36016 | D:15     | Entered Level 15 of the Dungeon
 36017 | D:15     | Found Mipt's Book Emporium.
 36462 | D:15     | Reached skill level 1 in Armour
 36567 | D:15     | Found a staircase to the Depths.
 36568 | D:15     | Noticed a fire giant
 36593 | D:15     | Killed a fire giant
 37699 | D:14     | Killed Roxanne
 38115 | D:9      | Killed patfeehan111222's ghost
 38409 | Swamp:1  | Entered Level 1 of the Swamp
 38575 | Swamp:1  | Reached skill level 5 in Armour
 38997 | D:15     | Bought the Directory of the Nival Mob for 792 gold pieces
 39008 | D:15     | Learned a level 7 spell: Summon Hydra
 39455 | Swamp:1  | Reached skill level 13 in Summonings
 42052 | Swamp:3  | Found a runed translucent door.
 42053 | Swamp:3  | Noticed a tentacled monstrosity
 42061 | Swamp:3  | Reached skill level 14 in Summonings
 42079 | Swamp:3  | Killed a tentacled monstrosity
 42227 | Swamp:3  | Reached XP level 16. HP: 139/139 MP: 21/36
 43053 | Swamp:3  | Noticed turdburglar's ghost (adept GrGl)
 43796 | Swamp:3  | Killed turdburglar's ghost
 43797 | Swamp:3  | Reached skill level 15 in Summonings
 43985 | Swamp:4  | Entered Level 4 of the Swamp
 43985 | Swamp:4  | Noticed Donald
 44389 | Swamp:4  | Killed Donald
 45071 | Swamp:4  | Reached skill level 16 in Summonings
 46890 | Swamp:4  | Got a decaying rune of Zot
 47041 | Spider:1 | Entered Level 1 of the Spider Nest
 47115 | Spider:1 | Reached skill level 17 in Summonings
 47616 | Spider:1 | Noticed Asterion
 47638 | Spider:1 | Killed Asterion
 50399 | Spider:2 | Reached skill level 18 in Summonings
 50427 | Spider:2 | Noticed Arachne
 50452 | Spider:2 | Killed Arachne
 50453 | Spider:2 | Reached XP level 17. HP: 70/146 MP: 4/37
 51450 | Spider:2 | Identified the +4 chain mail "Zaop" {Int+3 Slay+2}
 54186 | Spider:4 | Entered Level 4 of the Spider Nest
 54195 | Spider:4 | Reached skill level 19 in Summonings
 55122 | Spider:4 | Identified the +3 chain mail of Myjamir {Harm Stlth+}
 59815 | Orc:2    | Bought a Grand Grimoire for 510 gold pieces
 59826 | Orc:2    | Learned a level 8 spell: Summon Horrible Things
 60497 | Spider:3 | HP: 3/147 [ghost moth (8)]
 61137 | Spider:4 | Reached skill level 1 in Translocations
 61700 | Vaults:1 | Entered Level 1 of the Vaults
 63416 | Vaults:1 | Reached skill level 5 in Translocations
 64055 | Vaults:1 | Reached XP level 18. HP: 155/155 MP: 24/38
 64155 | Vaults:1 | Noticed Zenata
 64206 | Vaults:1 | Killed Zenata
 64870 | Vaults:1 | Identified the +0 chain mail "Wubetof" {+Blink rN++ Dex-2}
 66985 | Vaults:1 | Found a portal to a secret trove of treasure.
 68686 | Vaults:1 | Slain by a vault warden

Illustrated notes

Levels and vault maps discovered:
D:1:      wander_arrival_desolate, layout_loops_ring, st_stairs_2
D:2:      layout_loops_ring, basic_altar, kennysheep_nondescript,
          minmay_pentomino_x4
D:3:      layout_loops_ring, hellmonk_ecumenical_altar_heavens_door,
          serial_shops, shop, kennysheep_crisscross, uniq_sigmund
D:4:      layout_loops_ring, grunt_dithmenos_smoke_and_mirrors,
          vehumet_altar_wand_db, chequers_temple_overflow_statue_of_worship,
          serial_shops, shop, corexii_item_surrounded_by_moat, uniq_robin
D:5:      layout_basic, minmay_temple_entry_drinking_statues
D:6:      layout_layer_cave, nicolae_overflow_crystal_walls
D:7:      layout_basic, minitemple, worms_lemuel
D:8:      layout_layer_cave, kennysheep_okawaru_gauntlet,
          mainiacjoe_overflow_concentric_impassable, serial_shops,
          kennysheep_mini_moat, uniq_maurice
D:9:      layout_roguey, nicolae_overflow_hidden_temple,
          gammafunk_ghost_stat_death, minmay_fractal_squares_5
D:10:     layout_cave_pools, kiku_gazebo_garden_becter, dpeg_lair_monsters,
          special_room [special_room_orc], uniq_urug
D:11:     layout_cave_pools
D:12:     minmay_swirls_squares, layout_rooms,
          kennysheep_orc_monster_closet_entryway, nicolae_two_hexagons
D:13:     layout_cave_pools, david_vaults_4
D:14:     layout_cave_pools, gammafunk_ghost_spectres, lemuel_blue_sif_altar,
          uniq_roxanne, uniq_lodul, uniq_louise
D:15:     grunt_enter_depths_giant_problem, layout_layer_cave, serial_shops,
          nicolae_shop_tiny_glass
Lair:1:   layout_loops_ring, serial_rivers, chequers_serial_rivers_marsh,
          chequers_serial_rivers_room_a, chequers_serial_rivers_small_b,
          chequers_serial_rivers_small_a
Lair:2:   layout_roguey, spider_nest_entry_web_field, grunt_megastairs_4,
          uniq_gastronok
Lair:3:   layout_long_grid, minmay_swamp_entry_swarm, wad_woods_road_04,
          uniq_prince_ribbit2
Lair:4:   layout_regular_city, kilobyte_rumbling_trees,
          infiniplex_staircase_pool_2
Lair:5:   cheibrodos_lair_end_hotspot, layout_long_grid, slime_entry_1,
          nicolae_lair_grazing_beasts [nicolae_sub_lair_graze_edge,
          nicolae_sub_lair_graze_edge, nicolae_sub_lair_graze_edge,
          nicolae_sub_lair_graze_edge]
Swamp:1:  layout_falls_marsh, evilmike_swamp_ruin_rubble_1, swamp_pool4,
          nicolae_swamp_nymph_family_reunion
Swamp:2:  layout_basic_swamp, serial_swamp_ruin, evilmike_swamp_ruin_house_5,
          hangedman_swamp_ruin_hall, st_swamp_ruins_1
Swamp:3:  layout_falls_marsh, ebering_ghost_reflecting_pool,
          hangedman_swamp_ruin_wall, infiniplex_staircase_pool
Swamp:4:  byrel_swamp_growth_death_and_undeath, layout_basic_swamp, swamp_pool1,
          nicolae_swamp_alligator_family, uniq_donald
Spider:1: layout_cave_pods, uniq_asterion
Spider:2: layout_spider_delve, uniq_arachne
Spider:3: layout_chambers
Spider:4: grunt_spider_rune_circles
Orc:1:    layout_caves, basic_altar, nicolae_orc_rockfall, mines5_lemuel,
          uniq_sonja
Orc:2:    st_orc_open, layout_diamond_mine, serial_shops, shop, shop,
          basic_altar
Vaults:1: nicolae_vaults_tetromino_L_1, st_spiral_rooms,
          vaults_mumra_minichess_inversion, vaults_mumra_chevron_long,
          nicolae_vaults_network_square, nicolae_vaults_storage_room_water,
          ontoclasm_vaults_claustrophobia, nicolae_vaults_trapezoid_layered,
          ontoclasm_vaults_idyll, ontoclasm_vaults_bender,
          hangedman_vaults_nails, v_misc_18, nicolae_vaults_double_plus_1,
          vaults_room_semicircle, layout_vaults_omnibox,
          nicolae_trove_entry_crystal, uniq_zenata
Vaults:2: nicolae_vaults_trapezoid_lopsided_3, v_misc_23,
          nicolae_vaults_six-pack, nicolae_vaults_yaktaur_gun_rack,
          nicolae_vaults_diamond_1, vaults_dpeg_ring,
          nicolae_vaults_closet_pinwheel_2, ontoclasm_vaults_chip,
          ontoclasm_vaults_ring_small, nicolae_vaults_trapezoid_3,
          nicolae_vaults_rhombus_5, minmay_crypt_entry_simple_sparse,
          ontoclasm_vaults_misaligned, v_misc_16, layout_vaults_maze_bifur

Skill      XL: |  1  2  3  4  5  6  7  8  9 10 11 12 13 14 15 16 17 18 |
---------------+-------------------------------------------------------+-----
Spellcasting   | 2 3 4 6 8 9 10 11 12 | 12.2
Summonings     | 4 5 6 7 9 10 12 14 18 19 | 19.9
Dodging        | 4 7 9 11 12 | 12.5
Fighting       | 4 7 9 11 12 13 | 13.3
Shields        | 3 7 9 11 | 11.9
Armour         | 5 7 |  7.4
Translocations | 5 |  5.0
Stealth        | |  1.7

Action                     |  1- 3 |  4- 6 |  7- 9 | 10-12 | 13-15 | 16-18 || total
---------------------------+-------+-------+-------+-------+-------+-------++-------
  Melee: Unarmed           |    21 |    17 |    12 |    11 |       |       ||    61
         Punch             |     1 |       |       |       |       |       ||     1
         Staff             |       |       |       |       |   108 |   239 ||   347
   Cast: Summon Small Mamm |    67 |    56 |    35 |    68 |   219 |   110 ||   555
         Call Imp          |    25 |    25 |    22 |    47 |   139 |    69 ||   327
         Call Canine Famil |     7 |    25 |    24 |    55 |   150 |    79 ||   340
         Summon Guardian G |       |     4 |    16 |    77 |   206 |   131 ||   434
         Summon Lightning  |       |       |    12 |    65 |   198 |   103 ||   378
         Summon Hydra      |       |       |       |       |       |   289 ||   289
         Summon Horrible T |       |       |       |       |       |     2 ||     2
  Evoke: Wand              |       |       |       |    15 |     1 |    13 ||    29
    Use: Scroll            |       |       |    21 |    10 |     4 |    10 ||    45
         Potion            |       |       |       |     2 |     3 |    12 ||    17
   Stab: Distracted        |       |       |       |       |     2 |     8 ||    10
         Sleeping          |       |       |       |       |     1 |       ||     1
 Armour: Robe              |    25 |    23 |    13 |       |       |       ||    61
         Ring mail         |       |       |       |   152 |   180 |   357 ||   689
  Dodge: Dodged            |    57 |    61 |    35 |   238 |   399 |   531 ||  1321
         Repelled          |       |       |       |       |    11 |     7 ||    18
  Block: Kite shield       |       |       |       |       |   508 |   659 ||  1167

Table legend: (Time is in decaauts)
 A = Elapsed time spent in this place.
 B = Non-inter-level travel time spent in this place.
 C = Inter-level travel time spent in this place.
 D = Time resting spent in this place.
 E = Time spent auto-exploring this place.
 F = Levels seen in this place.
 G = Mean time per level.
                   A        B        C        D        E       F      G
               +--------+--------+--------+--------+--------+-----+--------+
         Total |  68958 |  65428 |   3530 |  21423 |  32015 |  32 | 2154.9 |
       Dungeon |  28815 |  27285 |   1530 |   9183 |  13141 |  15 | 1921.0 |
          Lair |  10431 |   9343 |   1088 |   1777 |   5820 |   5 | 2086.2 |
         Swamp |   8169 |   7936 |    233 |   2433 |   3905 |   4 | 2042.2 |
   Spider Nest |  13766 |  13276 |    490 |   5768 |   5603 |   4 | 3441.5 |
  Orcish Mines |   2929 |   2796 |    133 |    771 |   1266 |   2 | 1464.5 |
        Vaults |   4846 |   4792 |     54 |   1491 |   2279 |   2 | 2423.0 |
               +--------+--------+--------+--------+--------+-----+--------+

Top non-repeatable levels by time:
Spider:3: 5508 daAuts
Vaults:1: 4615 daAuts
    D:13: 4557 daAuts
     D:9: 4165 daAuts
    D:12: 3971 daAuts
Spider:4: 3334 daAuts
Spider:1: 2867 daAuts
  Lair:5: 2824 daAuts
 Swamp:4: 2507 daAuts
  Lair:2: 2324 daAuts
  Lair:3: 2250 daAuts
 Swamp:3: 2145 daAuts
Spider:2: 2056 daAuts
 Swamp:2: 1987 daAuts
     D:8: 1886 daAuts
